Map: Pillars of Gold LE

Players

TYTY (TY) - Winner!

  • Race: Terran Terran
  • League: Grandmaster
  • Spawn Location: 1:00

RAGNAROK (SHIN)

  • Race: Zerg Zerg
  • League: Grandmaster
  • Spawn Location: 7:00

VOD

Have the link to the VOD?

Description

Time

  • Played on: Jan. 12, 2021, 9:13 a.m.
  • Length: 16:26
Show
View Real Time Build Order
Export as new Build Order

TYTY Terran - Winner!

Build Orders: Hellion Banshee 

Get SALT Encoding   

  12  0:00  SCV  
  13  0:12  SCV  
  14  0:17  Supply Depot  
  14  0:24  SCV  
  15  0:38  SCV  
  15  0:39  Barracks  
  16  0:44  Refinery  
  16  0:50  SCV  
  17  1:03  SCV  
  18  1:15  SCV  
  19  1:27  Orbital Command, Marine  
  20  1:41  Command Center  
  20  1:52  Factory  
  20  1:56  SCV  
  21  2:03  Barracks Reactor  
  21  2:08  Supply Depot  
  21  2:10  SCV  
  22  2:16  Refinery  
  22  2:22  SCV  
  23  2:34  SCV  
  23  2:36  Hellion  
  26  2:40  Starport, Marine  
  26  2:42  Marine  
  28  2:46  SCV  
  29  2:52  Orbital Command  
  29  2:58  SCV  
  30  2:59  Widow Mine  
  30  3:01  Marine  
  30  3:04  Marine  
  34  3:10  SCV  
  35  3:17  Medivac  
  35  3:18  SCV  
  38  3:22  SCV  
  38  3:23  Supply Depot  
  39  3:30  SCV  
  39  3:31  Hellion  
  39  3:33  Hellion  
  44  3:34  Barracks Tech Lab  
  44  3:37  SCV  
  45  3:42  SCV  
  45  3:46  Supply Depot  
  46  3:49  SCV  
  46  3:55  SCV  
  48  3:56  Banshee  
  48  3:58  Supply Depot  
  48  3:59  Cloaking Field  
  48  4:02  SCV  
  52  4:07  Hellion  
  52  4:08  Hellion  
  52  4:09  Barracks Tech Lab  
  56  4:12  SCV  
  56  4:16  SCV  
  58  4:21  Supply Depot  
  58  4:24  SCV  
  58  4:28  SCV  
  58  4:30  Hellion  
  58  4:31  Hellion  
  64  4:37  SCV  
  65  4:39  Banshee  
  65  4:44  Armory  
  65  4:45  Supply Depot  
  69  4:46  SCV  
  69  4:52  Hellion x2  
  74  5:01  SCV  
  74  5:05  Command Center  
  74  5:06  SCV  
  75  5:12  Stimpack  
  75  5:13  SCV  
  80  5:19  SCV  
  81  5:22  Marine  
  81  5:25  SCV  
  79  5:29  Barracks  
  79  5:31  SCV  
  79  5:32  Barracks  
  79  5:34  Starport Reactor  
  79  5:35  Siege Tank  
  83  5:36  Hellion x3  
  83  5:38  Engineering Bay  
  83  5:39  Engineering Bay  
  83  5:40  SCV, Marine  
  83  5:41  Refinery  
  85  5:46  SCV  
  86  5:52  SCV  
  70  5:58  SCV, Refinery, Marine  
  70  6:07  Siege Tank  
  70  6:09  Barracks  
  70  6:10  Barracks, SCV  
  70  6:11  SCV  
  75  6:20  Marine  
  75  6:21  Marine  
  75  6:22  Orbital Command  
  75  6:23  Starport Reactor  
  68  6:27  SCV x2  
  68  6:28  Terran Infantry Weapons Level 1  
  68  6:29  Terran Infantry Armor Level 1  
  68  6:32  Marine x3  
  73  6:38  Orbital Command, Marine x2  
  73  6:39  SCV x2  
  80  6:49  Marine  
  80  6:50  Marine x2  
  80  6:51  SCV x2  
  85  6:54  Combat Shield  
  85  6:56  Barracks Reactor, Marine  
  85  6:57  Barracks Reactor  
  85  7:01  Supply Depot x2, Medivac  
  83  7:03  SCV x3  
  83  7:05  Medivac  
  83  7:06  Marine  
  83  7:07  Marine  
  92  7:14  Marine x3  
  92  7:15  SCV x2  
  97  7:17  Bunker  
  97  7:21  Supply Depot, SCV  
  97  7:22  Supply Depot  
  98  7:23  Siege Tank  
  98  7:25  Marine x2  
  105  7:36  Barracks  
  105  7:37  Barracks, Marine x5  
  103  7:38  Marine  
  103  7:39  Barracks  
  103  7:44  Marine x3  
  112  7:54  Marine  
  112  7:55  Supply Depot, Missile Turret, Marine x3  
  112  7:56  Missile Turret  
  112  7:57  Marine x2  
  118  7:58  Siege Tank  
  118  8:01  Marine  
  118  8:02  Marine x2  
  118  8:05  Medivac x2  
  128  8:12  Marine  
  128  8:13  Supply Depot, Marine x3  
  128  8:15  Supply Depot, Marine  
  128  8:16  Marine  
  128  8:19  Marine  
  134  8:26  Marine x2  
  140  8:30  Marine  
  141  8:34  Marine x2  
  141  8:35  Siege Tank, Marine x3  
  141  8:37  Marine  
  141  8:38  Supply Depot x2, Terran Infantry Weapons Level 2  
  141  8:40  Terran Infantry Armor Level 2  
  146  8:42  Marine  
  149  8:50  Marine x2  
  149  8:51  Marine  
  149  8:52  Marine x2  
  149  8:54  Missile Turret, Marine x2  
  149  8:55  Marine x3  
  156  9:03  Marine x2  
  156  9:08  Marine x2  
  156  9:09  Marine  
  161  9:11  Marine x2  
  161  9:12  Marine x3  
  161  9:13  Marine x2  
  161  9:15  Siege Tank  
  171  9:21  Marine x2  
  173  9:26  Marine x2  
  173  9:27  Marine  
  173  9:29  Marine x3  
  173  9:30  Supply Depot x2  
  179  9:38  Marine  
  179  9:39  Marine  
  179  9:44  Medivac x2  
  181  9:48  Orbital Command  
  181  9:51  Marine x7  
  181  9:52  Marine x2  
  190  10:02  Marine x2  
  178  10:13  Marine x6  
  178  10:14  Medivac x2  
  187  10:27  Siege Tank  
  188  10:32  Barracks Tech Lab x2  
  188  10:34  Barracks Tech Lab  
  188  10:36  Command Center  
  188  10:39  Supply Depot  
  188  10:40  SCV  
  189  10:49  Medivac, SCV  
  188  10:50  Medivac  
  188  10:56  Marauder x3  
  187  10:57  Concussive Shells  
  187  10:59  Drilling Claws  
  187  11:03  Siege Tank  
  190  11:17  Marauder  
  190  11:18  Marauder x2  
  196  11:24  Marine  
  197  11:30  Marine x3  
  197  11:31  Medivac x2  
  191  11:38  Terran Infantry Weapons Level 3  
  191  11:39  SCV x2  
  172  11:41  SCV  
  172  11:45  Marauder x2  
  172  11:46  Marine x2  
  172  11:47  Marine  
  179  11:51  Missile Turret, SCV x2  
  179  11:52  Missile Turret  
  179  11:53  SCV  
  180  11:56  Marine x2  
  182  12:03  SCV x2  
  182  12:05  SCV  
  185  12:12  Planetary Fortress  
  185  12:14  Missile Turret  
  184  12:15  Missile Turret, SCV x2  
  184  12:20  SCV  
  185  12:27  SCV  
  185  12:28  SCV, Marine  
  185  12:29  Sensor Tower, Marine x6  
  194  12:30  Terran Infantry Armor Level 3  
  194  12:36  Missile Turret  
  194  12:38  Widow Mine  
  196  12:45  Widow Mine  
  196  12:50  Marine  
  196  12:51  Missile Turret, Marine  
  200  12:52  Missile Turret  
  200  12:53  Command Center  
  200  12:59  Missile Turret  
  200  13:02  Missile Turret  
  196  13:20  Widow Mine x2  
  196  13:23  Factory  
  196  13:25  Refinery x2  
  196  13:26  Marine x2  
  192  13:31  Marine x2  
  192  13:32  Marine x3  
  197  13:39  Terran Vehicle And Ship Armor Level 1  
  199  13:41  Widow Mine  
  199  13:48  SCV  
  200  14:02  Missile Turret x2  
  200  14:05  Command Center  
  200  14:08  Factory Tech Lab  
  200  14:09  Planetary Fortress  
  200  14:12  Missile Turret  
  200  14:13  Command Center  
  200  14:14  Sensor Tower  
  198  14:17  Marine  
  198  14:21  Missile Turret  
  198  14:26  Widow Mine  
  200  14:38  SCV x3  
  197  14:42  Widow Mine x2  
  199  14:50  SCV  
  199  14:51  Marauder x2, Marine x4  
  170  14:57  Widow Mine, Marine  
  170  14:58  Marauder x3, Marine  
  166  15:00  SCV x2  
  166  15:02  SCV  
  166  15:03  Thor, Widow Mine  
  173  15:09  Marine x2  
  175  15:22  Orbital Command, Marauder x3, Marine x3  
  169  15:37  Widow Mine x2  
  169  15:38  Marauder, Marine x2  
  169  15:39  Marauder, Marine  
  169  15:40  Marine x3  
  168  15:43  Marauder, Marine x2  
  168  15:45  Missile Turret  
  178  15:56  Marine x3  
  181  15:58  Marine x2  
  181  16:00  Marauder x2  
  181  16:02  Widow Mine x2  
Show
View Real Time Build Order
Export as new Build Order

RAGNAROK Zerg 

Build Orders: Hatch First, Muta Ling Bane 

Get SALT Encoding   

  12  0:00  Drone  
  13  0:12  Overlord  
  13  0:17  Drone  
  14  0:31  Drone x2  
  16  0:49  Hatchery  
  15  0:52  Drone  
  16  1:00  Drone  
  16  1:01  Drone  
  18  1:14  Extractor  
  18  1:15  Spawning Pool  
  18  1:18  Drone  
  17  1:22  Drone  
  18  1:30  Drone  
  19  1:50  Drone  
  20  1:54  Drone  
  21  2:02  Queen x2  
  21  2:03  Zergling x4  
  27  2:14  Overlord  
  28  2:15  Drone  
  28  2:18  Metabolic Boost  
  28  2:33  Hatchery  
  27  2:37  Drone x2  
  27  2:40  Drone  
  27  2:43  Drone  
  31  2:51  Queen  
  33  2:56  Overlord  
  33  2:59  Drone  
  33  3:01  Drone  
  33  3:04  Drone  
  35  3:16  Drone x5  
  40  3:25  Overlord  
  40  3:26  Queen  
  40  3:27  Drone  
  43  3:45  Zergling x8  
  43  3:46  Zergling x2  
  43  3:47  Queen, Drone  
  51  3:50  Drone  
  51  3:51  Drone  
  51  3:52  Spore Crawler  
  51  3:54  Drone  
  53  3:58  Baneling Nest  
  53  4:00  Drone  
  53  4:03  Overlord  
  53  4:07  Queen  
  53  4:09  Zergling x2  
  56  4:11  Zergling x2  
  56  4:14  Overlord  
  57  4:19  Spore Crawler  
  57  4:21  Drone  
  57  4:22  Drone x3  
  60  4:25  Spore Crawler  
  60  4:26  Drone  
  60  4:28  Drone  
  60  4:30  Drone  
  61  4:34  Drone x2  
  61  4:37  Extractor  
  61  4:38  Drone x3  
  65  4:46  Spore Crawler  
  65  4:47  Lair  
  65  4:51  Overlord, Drone  
  65  4:55  Overlord  
  65  4:56  Drone  
  65  5:01  Overlord  
  65  5:05  Overlord  
  65  5:10  Drone x6  
  65  5:12  Overlord  
  71  5:17  Drone x2  
  73  5:21  Queen  
  73  5:26  Zergling x6  
  78  5:29  Baneling  
  78  5:30  Baneling x4  
  78  5:31  Baneling  
  78  5:32  Queen  
  80  5:38  Drone x4  
  80  5:40  Extractor  
  80  5:41  Zergling x4  
  80  5:42  Extractor  
  84  5:47  Drone x2  
  85  5:52  Drone x2  
  85  5:56  Zergling x6  
  87  5:58  Drone x3  
  87  5:59  Drone  
  89  6:05  Drone x2  
  89  6:06  Drone, Spire  
  89  6:09  Drone x2  
  88  6:11  Drone x2  
  88  6:13  Drone  
  88  6:16  Drone x2  
  90  6:19  Overseer  
  90  6:20  Drone  
  90  6:24  Drone x2  
  91  6:30  Extractor  
  91  6:31  Drone  
  91  6:32  Extractor, Drone x3  
  93  6:36  Evolution Chamber  
  93  6:38  Centrifical Hooks  
  93  6:39  Evolution Chamber  
  91  6:40  Drone x4  
  93  6:51  Zergling x8  
  97  7:04  Zerg Melee Weapons Level 1  
  97  7:06  Zerg Ground Armor Level 1  
  97  7:08  Overlord x4  
  97  7:10  Overlord  
  97  7:13  Hatchery, Baneling x7  
  96  7:27  Mutalisk x4  
  96  7:29  Zergling x14  
  110  7:33  Zerg Flyer Weapons Level 1  
  110  7:40  Mutalisk  
  110  7:43  Mutalisk  
  114  7:51  Mutalisk  
  114  7:54  Zergling x18  
  114  7:56  Baneling x3  
  114  7:57  Baneling  
  125  8:01  Drone x3  
  125  8:05  Overlord, Mutalisk  
  127  8:10  Drone x3  
  130  8:13  Extractor, Mutalisk  
  131  8:20  Drone x2  
  128  8:29  Mutalisk x2  
  128  8:30  Drone x3  
  134  8:35  Drone x3  
  134  8:38  Drone x2  
  139  8:42  Overlord x2  
  139  8:46  Zergling x2, Overlord  
  146  8:49  Hatchery  
  146  8:53  Overlord  
  146  8:54  Overlord  
  145  8:58  Baneling x6  
  145  9:01  Zergling x4  
  151  9:04  Baneling x6  
  151  9:05  Baneling x19  
  151  9:06  Zergling x6  
  144  9:10  Zergling x4  
  144  9:14  Zergling x2  
  144  9:15  Zergling x8  
  151  9:19  Zergling x2  
  151  9:20  Zerg Melee Weapons Level 2  
  151  9:22  Zergling x4  
  151  9:23  Zergling x4  
  156  9:24  Zerg Ground Armor Level 2  
  156  9:29  Zergling x4  
  157  9:33  Zergling x8  
  157  9:37  Zergling x4  
  161  9:42  Overlord  
  161  9:44  Zergling x14  
  164  9:50  Zergling x2  
  165  9:54  Zergling x10  
  165  9:56  Overseer  
  168  10:02  Hatchery  
  168  10:04  Zergling x12  
  156  10:09  Zergling x4  
  155  10:15  Mutalisk x2  
  155  10:17  Mutalisk  
  155  10:19  Overlord, Mutalisk x6  
  155  10:20  Mutalisk  
  175  10:24  Zergling x2  
  175  10:28  Zergling x2  
  175  10:29  Pneumatized Carapace  
  175  10:30  Overseer  
  175  10:32  Drone  
  175  10:35  Overlord  
  177  10:38  Drone  
  167  10:53  Zergling x22  
  167  10:54  Hatchery  
  160  11:02  Mutalisk x2  
  160  11:05  Zergling x2  
  161  11:11  Zergling x2  
  161  11:15  Zergling x6  
  161  11:16  Mutalisk x4  
  161  11:17  Mutalisk  
  175  11:19  Zergling x2  
  175  11:20  Zergling x4  
  175  11:23  Zergling x4  
  179  11:31  Zergling x6  
  168  11:38  Zergling x6  
  157  11:40  Baneling x8  
  157  11:41  Baneling x10  
  157  11:43  Zergling x2  
  158  11:48  Zergling x6  
  158  11:50  Zergling x2  
  158  11:51  Baneling x3  
  158  11:52  Baneling  
  158  11:53  Hatchery, Overseer  
  161  11:58  Zergling x12  
  167  12:01  Zergling x2  
  167  12:02  Zergling x4  
  167  12:07  Zergling x8  
  174  12:11  Zergling x2  
  174  12:13  Overseer x2  
  174  12:15  Drone  
  176  12:16  Zergling x2  
  176  12:17  Zergling x2  
  176  12:20  Baneling x6  
  176  12:21  Drone x4  
  176  12:22  Drone  
  183  12:26  Zerg Flyer Weapons Level 2  
  183  12:27  Infestation Pit  
  182  12:32  Zergling x14  
  182  12:35  Overlord  
  189  12:42  Hatchery  
  188  12:47  Drone x4  
  188  12:48  Spore Crawler  
  188  12:49  Overlord  
  188  12:51  Baneling x4  
  191  12:52  Baneling x2  
  191  12:55  Drone  
  192  13:00  Overseer  
  192  13:03  Hive  
  192  13:07  Zergling x16  
  195  13:14  Zergling x12  
  199  13:24  Zergling x2  
  199  13:25  Zergling x12  
  195  13:36  Zergling x10  
  197  13:58  Drone x2  
  199  14:05  Spine Crawler  
  199  14:06  Spore Crawler, Drone x2  
  199  14:09  Hatchery  
  198  14:11  Overseer  
  198  14:16  Extractor  
  196  14:20  Zergling x10  
  197  14:25  Baneling x6  
  197  14:26  Baneling x15  
  197  14:33  Adrenal Glands  
  197  14:34  Zergling x4  
  155  14:55  Zergling x50  
  172  15:05  Zergling x4  
  169  15:10  Mutalisk  
  169  15:11  Ultralisk Cavern, Mutalisk x9  
  183  15:15  Drone  
  183  15:16  Extractor  
  183  15:18  Drone x2  
  154  15:40  Zergling x8  
  154  15:41  Zergling x20  
  163  15:47  Hatchery  
  163  15:48  Zergling x10  
  163  15:49  Baneling x10  
  167  15:51  Zergling x4  
  168  16:03  Zergling x10  
  159  16:12  Hatchery  
Tags
 
Add a new tag
Caveats
  • Supply blocks, unpowered buildings, or Contaminate may cause inaccurate times.
  • Supply counts are checked every 10 seconds.